 Dungeon Sprint DCSS version 0.30-a0-777-ga9a30cbeda (webtiles) character file.

Game seed: 891848854819924874

15 sircluck the Shield-Bearer (level 2, -1/26 HPs)
             Began as a Formicid Fighter on Feb 13, 2023.
             Slain by an ufetubus (2 damage)
             ... in the Dungeon (Sprint VII: "The Pits").
             The game lasted 00:00:20 (55 turns).

sircluck the Shield-Bearer (Formicid Fighter)         Turns: 55, Time: 00:00:21

Health: -1/26      AC:  7    Str: 20    XL:     2   Next: 65%
Magic:  2/2        EV:  9    Int:  7    God:
Gold:   0          SH:  5    Dex: 13    Spells: 1/1 levels left

rFire   . . .      SeeInvis +    a - +0 war axe
rCold   . . .      Faith    .    c - +0 buckler
rNeg    . . .      Spirit   .    b - +0 scale mail
rPois   .          Reflect  .    (helmet unavailable)
rElec   .          Harm     .    (no cloak)
rCorr   .          Rampage  .    (no gloves)
Will    .....                    (no boots) Stlth
                                 (no amulet)
HPRegen 0.24/turn                (no ring)
MPRegen 0.08/turn                (no ring)

@: no status effects
A: permanent stasis, dig shafts and tunnels, antennae 3, four strong arms
a: Dig


You were in the Dungeon.
You visited 1 branch

Inventory:

Hand Weapons
 a - a +0 war axe (weapon)
Armour
 b - a +0 scale mail (worn)
 c - a +0 buckler (worn)
Scrolls
 h - a scroll of blinking
Potions
 d - a potion of might
 e - a potion of curing
 f - a potion of heal wounds
 g - 2 potions of magic


   Skills:
 + Level 4.4 Fighting
 + Level 2.5 Axes
 + Level 4.3 Armour
 + Level 5.2 Shields


You had one spell level left.
You didn't know any spells.
Your spell library was empty.

Dungeon Overview and Level Annotations

Branches:
Dungeon (1/1)

Altars:


Innate Abilities, Weirdness & Mutations

You cannot be hasted, slowed, berserked, paralysed or teleported.
You can dig through walls and to a lower floor.
You have a pair of large antennae on your head. (SInv)
Your four strong arms can wield two-handed weapons with a shield.


Message History

The ufetubus barely misses you.
You barely miss the ufetubus. The ufetubus barely misses you.
The ufetubus hits you. x2; The ufetubus barely misses you.
You hit the ufetubus.
The ufetubus is moderately wounded.
The ufetubus hits you but does no damage.
The ufetubus barely misses you. The ufetubus closely misses you.
The ufetubus hits you.
* * * LOW HITPOINT WARNING * * *
You hit the ufetubus.
The ufetubus is severely wounded.
The ufetubus hits you but does no damage.
The ufetubus barely misses you.
The ufetubus hits you but does no damage. x2
You closely miss the ufetubus.
The ufetubus is severely wounded.
The ufetubus hits you.
* * * LOW HITPOINT WARNING * * *
You block the ufetubus's attack. The ufetubus closely misses you.
The ufetubus hits you but does no damage.
You miss the ufetubus.
The ufetubus is heavily wounded.
The ufetubus closely misses you. The ufetubus hits you.
* * * LOW HITPOINT WARNING * * *
The ufetubus closely misses you. The ufetubus misses you.
You miss the ufetubus.
The ufetubus is heavily wounded.
The ufetubus hits you but does no damage.
You block the ufetubus's attack.
The ufetubus hits you but does no damage. x2
You miss the ufetubus.
The ufetubus is heavily wounded.
The ufetubus hits you but does no damage. x2
The ufetubus hits you.
* * * LOW HITPOINT WARNING * * *
The ufetubus barely misses you.
You closely miss the ufetubus.
The ufetubus is heavily wounded.
The ufetubus misses you. The ufetubus barely misses you. The ufetubus hits you.
You die...

##########++
#+##...........
+.##......#..#.
##########.##...........
#...........†...........
#+#####'#####......#..#.
#...†.# #...........
#...5@# ####'#####++
###+### #.......# { {
#.......# #.......#
#...<...# { { #.......#
{ { #.......# #.......#
{{ #########


You could see an ufetubus.

Vanquished Creatures
  An adder (D)
  4 jackals (D)
5 creatures vanquished.

Notes
Turn   | Place    | Note
-------+----------+-------------------------------------------
     0 | D        | sircluck the Formicid Fighter began the quest for the Orb.
     0 | D        | Reached XP level 1. HP: 18/18 MP: 1/1
    45 | D        | Reached skill level 5 in Shields
    45 | D        | Reached XP level 2. HP: 14/26 MP: 2/2
    54 | D        | HP: 1/26 [ufetubus (4)]
    55 | D        | Slain by an ufetubus

Illustrated notes

Levels and vault maps discovered:
D:        pitsprint [storerooms_1, entrance_room_1, metal_vault_8, armoury_2,
          mini_pit_1, grid_room_1, main_hall_1, silver_pit, the_coven_2,
          the_vestibule_1, steel_vault_2, golden_pit, hallway_of_sentries,
          crystal_vault_5, iron_vault_3, final_vault]

Skill      XL: |  1 |
---------------+----+-----
Fighting       | 4 |  4.4
Armour         | 4 |  4.3
Shields        | 5 |  5.2
Axes           | |  2.5

Action                     || total
---------------------------++-------
  Melee: War axe           ||    20
Ability: Dig               ||     1
 Armour: Scale mail        ||    23
  Dodge: Dodged            ||    34
  Block: Buckler           ||     9

Table legend: (Time is in decaauts)
 A = Elapsed time spent in this place.
 B = Non-inter-level travel time spent in this place.
 C = Inter-level travel time spent in this place.
 D = Time resting spent in this place.
 E = Time spent auto-exploring this place.
 F = Levels seen in this place.
 G = Mean time per level.
                   A        B        C        D        E       F      G
               +--------+--------+--------+--------+--------+-----+--------+
         Total |     62 |     62 |      0 |      0 |      0 |   1 |   62.0 |
       Dungeon |     62 |     62 |      0 |      0 |      0 |   1 |   62.0 |
               +--------+--------+--------+--------+--------+-----+--------+

Top non-repeatable levels by time:
       D: 62 daAuts
